Map: Abyssal Reef LE

Players

Scarlett - Winner!

  • Race: Zerg Zerg
  • League: Diamond
  • Spawn Location: 11:00

AxImpact (Impact)

  • Race: Zerg Zerg
  • League: Diamond
  • Spawn Location: 5:00

Event: HomeStory Cup XVI

VOD

Have the link to the VOD?

Description

Time

  • Played on: Nov. 11, 2017, 3:48 p.m.
  • Length: 11:01

All games in this series

Show
View Real Time Build Order
Export as new Build Order

Scarlett Zerg - Winner!

Build Orders: Pool First 

Get SALT Encoding   

  12  0:00  Drone  
  13  0:12  Overlord  
  13  0:17  Drone  
  14  0:30  Drone x2  
  16  0:41  Spawning Pool  
  15  0:45  Drone  
  15  0:49  Drone  
  17  0:59  Drone  
  18  1:12  Hatchery  
  18  1:16  Extractor  
  16  1:27  Zergling x4  
  16  1:28  Zergling x2  
  16  1:32  Queen  
  21  1:40  Zergling x2  
  22  1:49  Overlord  
  22  2:00  Zergling x2  
  21  2:08  Queen  
  23  2:15  Zergling x2  
  23  2:22  Zergling x2  
  25  2:23  Queen  
  22  2:37  Zergling x2  
  22  2:38  Drone x2  
  25  2:46  Queen  
  25  2:47  Metabolic Boost  
  27  2:51  Drone  
  27  2:55  Drone  
  29  3:03  Overlord  
  29  3:05  Zergling x2  
  30  3:06  Zergling x2  
  31  3:16  Baneling Nest  
  30  3:23  Zergling x4  
  30  3:24  Zergling x2  
  33  3:31  Overlord  
  33  3:35  Overlord  
  33  3:48  Drone  
  33  3:49  Drone x2  
  36  3:58  Drone x2  
  38  4:13  Drone  
  38  4:14  Drone x6  
  44  4:19  Evolution Chamber  
  43  4:24  Drone x2  
  43  4:26  Drone  
  46  4:32  Drone x3  
  46  4:36  Extractor  
  46  4:37  Drone x2  
  50  4:44  Baneling  
  50  4:45  Baneling x3  
  50  4:48  Zerg Missile Weapons Level 1, Drone  
  51  4:54  Overlord  
  51  5:03  Hatchery  
  50  5:10  Roach Warren  
  50  5:11  Drone x2  
  51  5:16  Drone x3  
  51  5:23  Extractor, Lair  
  50  5:31  Drone  
  50  5:35  Overlord, Unknown  
  51  5:43  Unknown  
  51  5:51  Roach x4  
  59  5:59  Roach x4  
  67  6:05  Overlord  
  67  6:10  Drone  
  67  6:17  Drone x4  
  67  6:18  Drone x2  
  73  6:19  Overlord x2  
  73  6:30  Roach x3, Glial Reconstitution  
  79  6:35  Roach  
  79  6:36  Overseer  
  81  6:42  Overlord x2  
  81  6:47  Roach x6  
  82  6:53  Zerg Missile Weapons Level 2  
  92  6:54  Overlord  
  92  7:00  Overlord x2, Drone  
  93  7:03  Roach x2, Extractor  
  95  7:09  Roach  
  95  7:10  Roach x2  
  101  7:16  Overlord x2  
  101  7:18  Roach  
  101  7:20  Roach  
  105  7:24  Roach, Ravager  
  105  7:27  Overlord  
  108  7:30  Roach x2  
  112  7:38  Roach  
  112  7:39  Roach x3  
  118  7:48  Roach x4  
  118  7:52  Roach x2  
  108  8:08  Roach  
  108  8:09  Roach x6  
  108  8:12  Roach  
  112  8:14  Roach  
  112  8:20  Drone x3  
  112  8:21  Drone x3  
  112  8:24  Ravager  
  112  8:25  Baneling  
  112  8:26  Baneling  
  117  8:28  Roach  
  119  8:37  Roach x4  
  127  8:46  Roach x4  
  135  8:51  Roach x2  
  141  8:55  Roach  
  141  8:56  Roach  
  143  9:09  Roach x5  
  145  9:15  Roach x3  
  136  9:21  Roach  
  136  9:22  Roach x2  
  136  9:27  Roach  
  136  9:28  Roach x2  
Show
View Real Time Build Order
Export as new Build Order

AxImpact Zerg 

Build Orders: Pool First 

Get SALT Encoding   

  12  0:17  Spawning Pool  
  11  0:22  Drone  
  11  0:27  Drone  
  13  0:31  Drone  
  14  0:40  Overlord  
  14  1:03  Zergling x4  
  16  1:04  Zergling x2  
  17  1:15  Zergling x2  
  18  1:19  Hatchery  
  17  1:26  Zergling x2  
  18  1:37  Zergling x2  
  18  1:38  Queen  
  21  1:47  Overlord  
  21  1:59  Drone  
  21  2:10  Drone  
  21  2:14  Queen  
  24  2:20  Drone  
  24  2:33  Drone x2  
  24  2:34  Queen  
  27  2:41  Drone  
  27  2:43  Drone  
  29  2:47  Drone x3  
  32  2:54  Drone  
  32  2:56  Overlord  
  34  3:05  Drone  
  34  3:08  Extractor x2, Drone  
  33  3:15  Drone x2  
  33  3:19  Drone x3  
  38  3:24  Drone x2  
  38  3:25  Drone  
  41  3:27  Drone  
  42  3:36  Drone  
  42  3:37  Overlord  
  42  3:50  Roach Warren  
  42  3:52  Evolution Chamber  
  42  3:54  Evolution Chamber  
  39  3:56  Queen  
  39  4:10  Lair, Drone x2  
  39  4:14  Drone  
  39  4:15  Drone x3  
  45  4:17  Drone  
  45  4:21  Zerg Missile Weapons Level 1  
  46  4:24  Drone  
  46  4:25  Extractor  
  46  4:27  Drone  
  46  4:28  Drone  
  48  4:32  Drone  
  49  4:42  Overlord  
  49  4:43  Overlord  
  49  4:47  Roach  
  51  4:55  Overlord  
  51  4:57  Overlord  
  51  5:02  Roach  
  51  5:04  Roach x2  
  51  5:06  Roach  
  59  5:07  Glial Reconstitution  
  59  5:09  Roach x3  
  59  5:10  Overseer  
  59  5:12  Overseer  
  51  5:23  Drone x2  
  53  5:30  Hatchery  
  53  5:32  Drone  
  53  5:34  Drone  
  54  5:37  Drone  
  54  5:39  Drone  
  54  5:41  Drone  
  57  5:44  Drone  
  58  5:51  Drone x3  
  58  5:54  Drone  
  62  6:01  Roach  
  64  6:06  Roach x2  
  64  6:08  Roach  
  70  6:12  Roach  
  70  6:16  Drone x3  
  75  6:20  Overlord  
  75  6:25  Zerg Missile Weapons Level 2  
  75  6:28  Overlord  
  75  6:41  Roach x4  
  75  6:44  Roach  
  75  6:45  Roach  
  87  6:47  Roach  
  87  6:49  Roach  
  87  6:52  Roach  
  87  6:54  Ravager  
  94  6:55  Ravager  
  94  6:57  Overlord  
  94  7:00  Roach  
  97  7:05  Overlord  
  97  7:09  Ravager  
  98  7:17  Roach x3  
  98  7:18  Roach  
  98  7:19  Overlord  
  106  7:26  Roach x3  
  106  7:27  Drone  
  106  7:29  Drone  
  114  7:32  Overlord  
  114  7:35  Overlord  
  114  7:38  Drone x2  
  114  7:40  Drone  
  114  7:43  Drone  
  116  7:45  Drone  
  116  7:46  Drone  
  116  7:48  Ravager  
  116  7:49  Ravager, Drone  
  115  7:55  Drone  
  115  7:56  Drone  
  115  7:57  Drone  
  110  7:59  Drone  
  110  8:01  Drone  
  96  8:08  Roach x4  
  96  8:12  Roach x3  
  96  8:13  Roach  
  96  8:16  Roach  
  87  8:21  Roach  
  87  8:22  Roach  
  87  8:23  Extractor  
  87  8:25  Spine Crawler  
  87  8:26  Roach  
  87  8:29  Roach x2  
  87  8:30  Zergling x2  
  87  8:31  Roach  
  94  8:35  Roach x2  
  94  8:39  Roach  
  94  8:40  Roach  
  102  8:43  Roach  
  102  8:45  Queen  
  102  8:48  Roach, Drone  
  107  8:51  Roach  
  107  8:54  Roach x2  
  116  8:58  Roach x2  
  116  9:00  Overlord  
  120  9:03  Extractor  
  120  9:05  Roach x2  
  120  9:08  Roach  
  115  9:10  Roach  
  115  9:12  Roach  
  115  9:16  Roach x2  
  93  9:17  Roach  
  93  9:20  Roach  
  77  9:24  Roach  
  77  9:26  Roach  
  77  9:27  Roach  
Tags
 
Add a new tag
Caveats
  • Supply blocks, unpowered buildings, or Contaminate may cause inaccurate times.
  • Supply counts are checked every 10 seconds.